 Dungeon Crawl Stone Soup version 0.31-a0-217-g58bb5d79cf (webtiles) character file.

Game seed: 4409654584003704746

1747 qw the Skirmisher (level 9, -3/55 HPs)
             Began as a Gargoyle Hexslinger on July 2, 2023.
             Shot with an arrow by a centaur (8 damage)
             ... on level 7 of the Dungeon.
             The game lasted 00:02:29 (5992 turns).

qw the Skirmisher (Gargoyle Hexslinger)             Turns: 5992, Time: 00:02:30

Health: -3/55      AC: 16    Str: 19    XL:     9   Next: 6%
Magic:  1/10       EV: 11    Int: 13    God:
Gold:   241        SH:  0    Dex: 16    Spells: 9/10 levels left

rFire   . . .        Y - +3 sling (flame)
rCold   . . .        (no shield)
rNeg    + . .        i - +0 ring mail
rPois   inf          c - +2 helmet
rElec   +            (no cloak)
rCorr   .            (no gloves)
SInv    .            (no boots)
Will    .....        l - amulet of regeneration
Stlth   +            e - +6 ring of strength
HPRegen 1.09/turn    (no ring)
MPRegen 0.12/turn

%: no passive effects
@: weakened
A: sickness immunity, AC +6, negative energy resistance 1, electricity
resistance, torment resistance 1, petrification resistance, iridescent scales 1
a: no special abilities


You were on level 7 of the Dungeon.
You visited 2 branches of the dungeon, and saw 8 of its levels.
You also visited: Ossuary.

You collected 241 gold pieces.


Innate Abilities, Weirdness & Mutations

You are immune to sickness and miasma.
Your stone body is resilient. (AC +6)
You are immune to poison.
You resist negative energy. (rN+)
You are resistant to electric shocks. (rElec)
You are resistant to unholy torment.
You are immune to petrification.
You are partially covered in iridescent scales. (AC +2)


   Skills:
 - Level 6.1 Fighting
 + Level 9.5 Ranged Weapons
 - Level 2.1 Armour
 - Level 2.4 Dodging
 - Level 1.0 Spellcasting
 - Level 2.6 Hexes


You had 9 spell levels left.
You knew the following spells:

 Your Spells              Type           Power      Damage    Failure   Level
a - Slow                  Hex            28%        N/A       16%         1

Your spell library contained the following spells:

 Spells                   Type           Power      Damage    Failure   Level
 Inner Flame              Hex/Fire       4%         N/A       63%         3
 Portal Projectile        Hex/Tloc       8%         N/A       63%         3
 Cause Fear               Hex            3%         N/A       83%         4

Inventory:

Hand Weapons
 Y - a +3 sling of flaming (weapon)
Armour
 c - a +2 helmet (worn)
 i - a +0 ring mail (worn)
Jewellery
 e - a +6 ring of strength (left hand)
 l - an amulet of regeneration (around neck)
Scrolls
 n - 2 scrolls of identify
Potions
 b - a potion of haste
 f - a potion of ambrosia {unknown}
 j - a potion of enlightenment
 k - a potion of curing
 m - 2 potions of mutation
 o - a potion of might {unknown}

Dungeon Overview and Level Annotations

Branches:
Dungeon (7/15)             Temple (1/1) D:4         Ossuary (visited)

Altars:
Ashenzari
Cheibriados
Dithmenos
Elyvilon
Fedhas
Gozag
Hepliaklqana
Kikubaaqudgha
Makhleb
Qazlal
Ru
Trog
Uskayaw
Vehumet
Wu Jian
Xom
Yredelemnul
Zin
The Shining One

Shops:
D:3 :


Message History

The sling bullet burns the orc.
You kill the orc!
Something hits you but does no damage.
The centaur shoots an arrow.
The arrow closely misses you.
You shoot a sling bullet.
The sling bullet barely misses the gnoll bouda.
The sling bullet hits the orc warrior.
The sling bullet burns the orc warrior.
The orc warrior is lightly wounded.
The centaur shoots an arrow.
The arrow hits you.
The gnoll bouda gazes fiercely through you!
You feel as though you will be weak longer.
The gnoll bouda misses you. Something hits you but does no damage.
The gnoll hits you but does no damage.
The centaur shoots an arrow.
The arrow hits you.
You feel your power leaking away.
You shoot a sling bullet. The sling bullet hits the gnoll bouda.
The sling bullet burns the gnoll bouda.
The gnoll bouda is moderately wounded.
The gnoll closely misses you.
The gnoll bouda barks out a call to the hunt!
The gnolls pick up the pace!
Something hits you but does no damage. The gnoll hits you but does no damage.
The orc warrior hits you but does no damage.
The centaur shoots an arrow.
The arrow hits you.
You shoot a sling bullet. The sling bullet hits the gnoll bouda.
The sling bullet burns the gnoll bouda.
The gnoll bouda is heavily wounded.
The centaur shoots an arrow.
The arrow hits you but does no damage.
The gnoll bouda hits you but does no damage.
Something hits you but does no damage. The gnoll closely misses you. x2
The orc warrior hits you from afar with a +0 trident.
The centaur shoots an arrow.
The arrow hits you but does no damage.
You shoot a sling bullet. The sling bullet hits the gnoll bouda.
The sling bullet burns the gnoll bouda.
You kill the gnoll bouda!
The gnoll hits you but does no damage. The gnoll closely misses you.
Something hits you but does no damage.
The orc warrior hits you from afar with a +0 trident.
The centaur shoots an arrow.
The arrow hits you!
You die...

.......#....#
............# #
.......#....#.#
##....###.#...#
#....
#...##.##o.
.....
#...##.).#.
.....
#....c..)..
....
#.g)##...#.
....
#.@)oo.....
####g#.....
....... ####...
.. .


You could see an orc warrior, a centaur, 2 gnolls and an orc.

Vanquished Creatures
  A wyvern (D:7)
  An ogre (D:6)
  3 black bears
  A bullfrog (D:6)
  2 scorpions
  3 water moccasin zombies (Ossuary)
  5 wights (D:6)
  A howler monkey (D:5)
  2 hounds
  2 gnoll boudas
  3 iguanas
  Terence (D:2)
  2 mummies (Ossuary)
  14 adders
  14 gnolls
  A white imp (D:5)
  A shadow imp (D:6)
  2 ufetubi
  4 adder zombies (Ossuary)
  2 dart slugs
  6 orcs
  6 ball pythons
  6 bats
  6 endoplasms
  2 giant cockroaches
  2 gnoll zombies (Ossuary)
  11 goblins
  2 hobgoblins
  2 jackals (D:3)
  2 quokkas
  2 frilled lizards
  5 hobgoblin zombies (Ossuary)
  6 kobolds
  3 kobold zombies (Ossuary)
  6 orc zombies (Ossuary)
  6 rats
138 creatures vanquished.

Vanquished Creatures (others)
  An orc wizard (D:7)
1 creature vanquished.

Grand Total: 139 creatures vanquished

Notes
Turn   | Place    | Note
-------+----------+-------------------------------------------
     0 | D:1      | qw the Gargoyle Hexslinger began the quest for the Orb.
     0 | D:1      | Reached XP level 1. HP: 12/12 MP: 2/2
     0 | D:1      | 0 ||| qw: Version: 0.3-a-40-ge99b1a8
     0 | D:1      | 0 ||| qw: Game counter: 7998
     0 | D:1      | 0 ||| qw: Melee chars always use a shield: true
     0 | D:1      | 0 ||| qw: God list: Okawaru
     0 | D:1      | 0 ||| qw: Allow faded altars: false
     0 | D:1      | 0 ||| qw: Do Orc after clearing Dungeon:15 true
     0 | D:1      | 0 ||| qw: Do second Lair branch before Depths: true
     0 | D:1      | 0 ||| qw: Lair rune preference: random
     0 | D:1      | 0 ||| qw: Goals: Normal
     0 | D:1      | 0 ||| PLANNING D:1-11
   266 | D:1      | Reached XP level 2. HP: 11/16 MP: 3/3
   296 | D:1      | 296 ||| SWAPPING to +1 antimagic sling.
   297 | D:1      | 297 ||| DROPPING +1 sling.
   386 | D:1      | Reached skill level 3 in Ranged Weapons
   734 | D:1      | 734 ||| UPGRADING to +0 ring mail.
   744 | D:1      | 744 ||| DROPPING +0 robe.
   745 | D:1      | 745 ||| UPGRADING to amulet of regeneration.
   750 | D:1      | 750 ||| READING scroll labelled KALUPT DYRRYILI.
   751 | D:1      | 751 ||| READING scroll labelled XUMYUM BAPUL.
   752 | D:1      | 752 ||| DRINKING 2 coppery potions.
   753 | D:1      | 753 ||| DROPPING scroll of poison.
   754 | D:1      | 754 ||| DROPPING potion of brilliance.
   912 | D:2      | Reached XP level 3. HP: 21/21 MP: 1/4
  1245 | D:2      | Reached XP level 4. HP: 26/26 MP: 1/5
  1248 | D:2      | Noticed Terence
  1258 | D:2      | HP: 6/26 [Terence/puff of flame (4)]
  1266 | D:2      | HP: 5/26 [Terence/puff of flame (11)]
  1272 | D:2      | HP: 6/26 [Terence/puff of flame (4)]
  1278 | D:2      | Killed Terence
  1279 | D:2      | Reached skill level 4 in Ranged Weapons
  1326 | D:2      | Reached skill level 1 in Armour
  1334 | D:2      | Reached XP level 5. HP: 23/30 MP: 2/6
  1374 | D:2      | Found a broken altar of Ashenzari.
  1716 | D:2      | 1716 ||| UPGRADING to +6 ring of strength.
  1717 | D:2      | 1717 ||| READING scroll labelled NINAGI XEKOSIN.
  1721 | D:2      | 1721 ||| READING scroll labelled FAUHAD MUADD.
  1828 | D:3      | Found a sacrificial altar of Ru.
  1828 | D:3      | Found an opulent altar of Gozag.
  1905 | D:3      | Reached skill level 5 in Ranged Weapons
  2005 | D:3      | Found Uppocoec's Book Shop.
  2242 | D:3      | Found a faded altar of an unknown god.
  2319 | D:3      | Found a bloodstained altar of Trog.
  2372 | D:4      | Reached skill level 3 in Fighting
  2372 | D:4      | Reached XP level 6. HP: 38/38 MP: 2/7
  2390 | D:4      | 2390 ||| READING scroll of enchant weapon.
  2390 | D:4      | 2390 ||| ENCHANTING +2 antimagic sling.
  2485 | D:4      | 2485 ||| STAIRDANCE
  2491 | D:4      | Identified the +1 chain mail "Guvvounk" {rN+}
  2852 | D:4      | 2852 ||| UPGRADING to +0 helmet.
  2864 | D:4      | 2864 ||| STAIRDANCE
  3072 | D:4      | Found a staircase to the Ecumenical Temple.
  3073 | D:4      | 3073 ||| PLANNING TEMPLE
  3081 | Temple   | Entered the Ecumenical Temple
  3246 | Temple   | 3246 ||| PLANNING D:1-11
  3677 | D:5      | Entered Level 5 of the Dungeon
  3677 | D:5      | Noticed a black bear
  3683 | D:5      | 3683 ||| STAIRDANCE
  3690 | D:4      | HP: 9/38 [black bear (3)]
  3690 | D:4      | HP: 4/38 [black bear (5)]
  3690 | D:4      | HP: 1/38 [black bear (3)]
  3691 | D:4      | 3691 ||| DRINKING potion of heal wounds.
  3694 | D:4      | Killed a black bear
  3695 | D:4      | Reached skill level 6 in Ranged Weapons
  3695 | D:4      | Reached XP level 7. HP: 13/42 MP: 2/8
  3734 | D:5      | 3734 ||| STAIRDANCE
  3921 | D:5      | HP: 7/43 [gnoll/+0 club[a gnoll bouda] (5)]
  3925 | D:5      | HP: 3/43 [gnoll/+0 club[a gnoll bouda] (4)]
  4304 | D:5      | Reached skill level 7 in Ranged Weapons
  4556 | D:5      | 4556 ||| READING 3 scrolls labelled ZOIMAF TIMNUF.
  4557 | D:5      | 4557 ||| READING 2 scrolls of enchant armour.
  4557 | D:5      | 4557 ||| ENCHANTING +0 helmet.
  4558 | D:5      | 4558 ||| READING scroll of enchant armour.
  4558 | D:5      | 4558 ||| ENCHANTING +1 helmet.
  4559 | D:5      | 4559 ||| DRINKING 2 white potions.
  4560 | D:5      | 4560 ||| DRINKING 2 silvery potions.
  4561 | D:5      | 4561 ||| DRINKING 2 red potions.
  4562 | D:5      | 4562 ||| DROPPING potion of invisibility.
  4579 | D:6      | 4579 ||| PLANNING OSSUARY
  4582 | D:6      | Found a sand-covered staircase.
  4591 | Ossuary  | Entered an ossuary
  4720 | Ossuary  | Reached XP level 8. HP: 48/48 MP: 3/9
  4734 | Ossuary  | Reached skill level 8 in Ranged Weapons
  4796 | Ossuary  | 4796 ||| READING scroll labelled HIOZYQ VOUTHE.
  4851 | Ossuary  | 4851 ||| DRINKING 2 sedimented pink potions.
  4852 | Ossuary  | 4852 ||| DRINKING 3 bubbling green potions.
  4875 | Ossuary  | 4875 ||| DRINKING 2 lumpy pink potions.
  4876 | Ossuary  | 4876 ||| DRINKING 3 fizzy ruby potions.
  4876 | Ossuary  | Gained mutation: You are partially covered in iridescent
                  | scales. (AC +2) [potion of mutation]
  4877 | Ossuary  | 4877 ||| READING 2 scrolls of identify.
  4877 | Ossuary  | 4877 ||| IDENTIFYING puce potion
  4878 | Ossuary  | 4878 ||| DROPPING potion of degeneration.
  4879 | Ossuary  | 4879 ||| DROPPING potion of attraction.
  4880 | Ossuary  | 4880 ||| DROPPING 2 potions of lignification.
  4888 | D:6      | 4888 ||| PLANNING D:1-11
  4997 | D:6      | HP: 11/49 [wight/+0 hand axe (8)]
  4998 | D:6      | 4998 ||| DRINKING 2 potions of heal wounds.
  5007 | D:6      | HP: 12/49 [wight/+4 great sword (5)]
  5008 | D:6      | 5008 ||| DRINKING potion of heal wounds.
  5125 | D:6      | Reached skill level 9 in Ranged Weapons
  5492 | D:6      | Found a snail-covered altar of Cheibriados.
  5797 | D:6      | Reached skill level 6 in Fighting
  5880 | D:6      | 5880 ||| READING scroll labelled AKKICK OGIANA.
  5881 | D:6      | 5881 ||| READING scroll labelled PIYFASTR WELOM.
  5969 | D:7      | Noticed a wyvern
  5978 | D:7      | HP: 5/51 [wyvern (12)]
  5979 | D:7      | Killed a wyvern
  5980 | D:7      | Reached XP level 9. HP: 6/55 MP: 1/10
  5983 | D:7      | 5983 ||| DRINKING 2 potions of curing.
  5983 | D:7      | 5983 ||| (to cure confusion)
  5984 | D:7      | 5984 ||| Stepping ~*~*~tactically~*~*~ (outnumbered).
  5991 | D:7      | HP: 9/55 [orc warrior/+0 trident (6)]
  5992 | D:7      | Shot with an arrow by a centaur

Levels and vault maps discovered:
D:1:      nzn_arrival_crosshair, layout_loops_ring, hangedman_decor_points,
          minmay_ruptured
D:2:      layout_basic, basic_altar, minmay_hexomino_c4, uniq_terence
D:3:      layout_rooms, nicolae_overflow_hidden_temple,
          ebering_ecumenical_altar_webs, serial_shops,
          nicolae_shop_advertising_works [nicolae_subvault_shop_adworks],
          nicolae_half_adder
D:4:      layout_layer_cave, lemuel_temple_firewalk_a
D:5:      layout_cave_pods
D:6:      layout_basic, overflow_temple_1_default, enter_ossuary_1
D:7:      minmay_chambers_of_fours, layout_basic,
          mainiacjoe_overflow_cross_hatched
Temple:   bh_familiar_temple

Skill      XL: |  1  2  3  4  5  6  7  8 |
---------------+-------------------------+-----
Ranged Weapons | 3 4 5 6 7 9 |  9.5
Fighting       | 2 3 4 6 |  6.1
Armour         | 1 2 |  2.1
Dodging        | 2 |  2.4
Spellcasting   | |  1.0
Hexes          | |  2.6

Action                     |  1- 3 |  4- 6 |  7- 9 || total
---------------------------+-------+-------+-------++-------
   Fire: Sling             |   107 |   230 |   308 ||   645
    Use: Scroll            |     2 |     3 |     7 ||    12
         Potion            |     1 |     1 |    10 ||    12
 Armour: Robe              |    11 |       |       ||    11
         Ring mail         |    17 |    93 |   117 ||   227
  Dodge: Dodged            |    48 |   106 |   136 ||   290

Table legend:
 A = Non-vault XP
 B = Vault XP
 C = Vault XP percentage of total XP
 D = Non-vault monster count
 E = Vault monster count
 F = Vault count percentage of total count
                 A         B        C        D         E       F
            +---------+---------+-------+---------+---------+-------
      Total |    2124 |     412 |  16.2 |      99 |      39 |  28.3
            +---------+---------+-------+---------+---------+-------
        D:1 |      19 |       8 |  29.6 |      10 |       5 |  33.3
        D:2 |      92 |      57 |  38.3 |      19 |       6 |  24.0
        D:3 |      66 |      41 |  38.3 |      22 |       3 |  12.0
        D:4 |     373 |       0 |   0.0 |      17 |       0 |   0.0
        D:5 |     277 |       0 |   0.0 |      10 |       0 |   0.0
        D:6 |    1007 |       0 |   0.0 |      16 |       0 |   0.0
        D:7 |     290 |       0 |   0.0 |       5 |       0 |   0.0
    Ossuary |       0 |     306 | 100.0 |       0 |      25 | 100.0
            +---------+---------+-------+---------+---------+-------
